Wild vs Kings

Created - 21 février 2024 at 09:47

Goals
1 2 3 OT1 T
Wild 0 0 2 1 3
Kings 0 1 1 0 2
Shots
1 2 3 OT1 T
Wild 8 2 19 2 31
Kings 8 7 9 0 24

GoalsPenalties
1st period
No Goal
Matt Dumba (LOS) for Hooking (Minor) at 0:46
Tomas Hertl (MIN) for Hooking (Minor) at 15:28
2nd period
1. Kings , Robby Fabbri 10 (Jujhar Khaira 5, Vinnie Hinostroza 3) at 18:27
J.T. Compher (MIN) for High sticking (Minor) at 0:38
3rd period
2. Wild , Alexander Barabanov 7 (Nic Dowd 5) at 16:16
3. Wild , J.T. Compher 22 (Brady Skjei 16, Phillip Danault 21) at 17:10
4. Kings , Tom Wilson 11 (Ryan Donato 13, Matt Dumba 22) at 18:02 (PP)
Sean Durzi (LOS) for Roughing (Minor) at 1:01
Brady Skjei (MIN) for Cross-checking (Minor) at 4:17
Moritz Seider (MIN) for Interference (Minor) at 17:46
Overtime #1
5. Wild , Jakub Vrana 5 (J.T. Compher 21) at 0:20
No Penalty
Goalie Stats
Jeremy Swayman (MIN), 22 saves from 24 shots - (0,917), W, 33-21-1, 60:20 minutes
Jet Greaves (LOS), 28 saves from 31 shots - (0,903), OTL, 3-1-2, 60:20 minutes
3 StarsOfficial
1 - J.T. Compher (MIN)
2 - Jakub Vrana (MIN)
3 - Alexander Barabanov (MIN)
Referees : Jordan Samuels-Thomas and Graham Skilliter
Linesman : Andrew Smith and Ryan Gibbons
Game Note
No Game Note
Finance
Level 1 -- Attendance: 4929 (78%) -- Ticket Income $458,397
Level 2 -- Attendance: 5373 (100%) -- Ticket Income $263,277
Level 3 -- Attendance: 3206 (68%) -- Ticket Income $86,562
Level 4 -- Attendance: 3807 (83%) -- Ticket Income $57,105
Luxury Box -- Attendance: 1067 (97%) -- Ticket Income $201,663
Game was played at the Staples Center.
Total Attendance: 18382 (83%)
Total Ticket Income: $1,067,004
Other Income: $320,101
Total Income: $1,387,105



Team Name Goals Shots Shots Attemp Shots Blocked PIM HIT PP PK FO%
Wild 3315398190 / 2 (0%)155%
Kings 2244784161 / 4 (25%)045%

Wild
Player Name POS G A P +/- PIM HIT SHT SB MP PP MP PP SHT PK MP PK SHT FO% FOT GA TA
Alex KillornLW/RW000-1021122:332:1103:2800% 002
Alexander BarabanovLW/RW101102207:220:0000:0000% 000
Artemi PanarinLW0000012016:551:4701:5000% 000
Brady SkjeiD0110220023:531:4902:1500% 000
Clayton KellerLW/RW0000012013:431:4700:000100% 100
Erik JohnsonD0000001020:372:0902:3300% 001
J.T. CompherC/RW1122203013:200:0000:200100% 331
Jake BeanD0001020021:352:0903:4000% 000
Jakub VranaLW101200209:280:0000:5500% 000
Kyle BurroughsD0001010515:100:0000:3400% 002
Logan O'ConnorLW/RW0001011112:020:0000:0000% 000
Mikko RantanenC/RW000-1023022:262:1103:28083% 602
Moritz SeiderD0000211124:361:4903:2410% 010
Nic DowdC011102207:140:0000:00033% 300
Nils LundkvistD0001001013:560:0000:0000% 000
Phillip DanaultC0111015112:030:0000:00058% 1200
Sidney CrosbyC000-1005022:162:1101:50038% 2111
Tomas HertlC0000210015:341:4700:35056% 900
Kings
Player Name POS G A P +/- PIM HIT SHT SB MP PP MP PP SHT PK MP PK SHT FO% FOT GA TA
Anthony DuclairLW/RW0000021118:542:4701:0900% 000
Cal FooteD0000010012:100:0001:4600% 000
Colin BlackwellC/RW000-100108:310:0400:00075% 800
Derek StepanC/RW0000011118:172:4700:5800% 000
Gabriel VilardiC/RW000-1011118:512:4701:09027% 1100
Haydn FleuryD000000002:030:0000:0000% 000
Ilya MikheyevLW/RW000-2023120:513:2201:54075% 421
John KlingbergD000-1012021:522:4201:4300% 001
Jordan OesterleD0001010011:410:0000:4800% 000
Josh MahuraD000-1010121:362:4201:4300% 010
Jujhar KhairaC/LW0111022011:510:0000:000100% 110
Matt DumbaD011-1212026:263:3101:1000% 020
Philip TomasinoLW/RW000-100108:320:0400:0000% 000
Robby FabbriC/LW1011023012:190:0000:0000% 320
Ryan DonatoC/LW011-1001320:473:2201:55048% 2500
Sean DurziD000-1211025:423:3100:4600% 010
Tom WilsonRW101-2003023:093:2210:0000% 303
Vinnie HinostrozaLW/RW0111002013:280:0400:5100% 000

Wild

5 vs 5 Forward
Line #Left WingCenterRight WingPHYDFOFWanted %Time %Time Play
1Alex KillornSidney CrosbyMikko Rantanen1224134%17:05
2Artemi PanarinTomas HertlClayton Keller1223128%14:00
3Logan O'ConnorPhillip DanaultJ.T. Compher1222023%11:36
4Alexander BarabanovNic DowdJakub Vrana122814%7:08
5 vs 5 Defense
Line #DefenseDefensePHYDFOFWanted %Time %Time Play
1Moritz SeiderBrady Skjei1224241%20:12
2Erik JohnsonJake Bean1223532%15:47
3Nils LundkvistKyle Burroughs1222328%13:50
4Moritz SeiderBrady Skjei12200%0:00
Power Play Forward
Line #Left WingCenterRight WingPHYDFOFWanted %Time %Time Play
1Alex KillornSidney CrosbyMikko Rantanen0147055%2:11
2Artemi PanarinTomas HertlClayton Keller0143045%1:47
Power Play Defense
Line #DefenseDefensePHYDFOFWanted %Time %Time Play
1Moritz SeiderBrady Skjei1136546%1:49
2Erik JohnsonJake Bean1133554%2:09
Penalty Kill 4 Players Forward
Line #CenterWingPHYDFOFWanted %Time %Time Play
1Mikko RantanenAlex Killorn1406071%4:23
2Sidney CrosbyArtemi Panarin0414029%1:50
Penalty Kill 4 Players Defense
Line #DefenseDefensePHYDFOFWanted %Time %Time Play
1Moritz SeiderBrady Skjei1406068%4:14
2Erik JohnsonJake Bean1404032%1:59
Penalty Kill 3 Players
Line #WingPHYDFOFWanted %Time %Time PlayDefenseDefensePHYDFOFWanted %Time %Time Play
1Mikko Rantanen140600%0:00 Moritz SeiderBrady Skjei140600%0:00
2Sidney Crosby140400%0:00 Erik JohnsonJake Bean140400%0:00
4 vs 4 Forward
Line #CenterWingPHYDFOFWanted %Time %Time Play
1Mikko RantanenAlex Killorn122650%0:00
2Sidney CrosbyArtemi Panarin122350%0:00
4 vs 4 Defense
Line #DefensePHYDFOFWanted %Time %Time Play
1Moritz SeiderBrady Skjei122600%0:00
2Erik JohnsonJake Bean122400%0:00
Last Minutes Offensive
Left WingCenterRight WingDefenseDefense
Alex KillornSidney CrosbyMikko RantanenMoritz SeiderBrady Skjei
Last Minutes Defensive
Left WingCenterRight WingDefenseDefense
Alex KillornSidney CrosbyMikko RantanenMoritz SeiderBrady Skjei
Time
Total ForwardTotal DefenseLast Minutes OffensiveLast Minutes Defensive
60:00 60:00 0:000:00
Extra Forwards
Normal PowerPlayPenalty Kill
Tomas Hertl, Artemi Panarin, Phillip DanaultTomas Hertl, Artemi PanarinTomas Hertl
Extra Defensemen
Normal PowerPlayPenalty Kill
Moritz Seider, Jake Bean, Kyle BurroughsMoritz Seider, Moritz SeiderJake Bean
Penalty Shots
Mikko Rantanen, Sidney Crosby, Clayton Keller, Alex Killorn, Tomas Hertl
Goalie
Jeremy Swayman, Casey DeSmith
Scratches
Derek Forbort (Broken Bone (Left Leg) Injury)

Kings

5 vs 5 Forward
Line #Left WingCenterRight WingPHYDFOFWanted %Time %Time Play
1Ilya MikheyevRyan DonatoTom Wilson1134535%17:13
2Anthony DuclairGabriel VilardiDerek Stepan1133328%14:06
3Tom WilsonColin BlackwellPhilip Tomasino1131814%6:50
4Jujhar KhairaRobby FabbriVinnie Hinostroza230423%11:40
5 vs 5 Defense
Line #DefenseDefensePHYDFOFWanted %Time %Time Play
1Matt DumbaSean Durzi1135348%24:03
2Josh MahuraJohn Klingberg1223233%16:31
3Jordan OesterleCal Foote140817%8:36
4Matt DumbaSean Durzi10471%0:39
Power Play Forward
Line #Left WingCenterRight WingPHYDFOFWanted %Time %Time Play
1Ilya MikheyevRyan DonatoTom Wilson1046755%3:26
2Anthony DuclairGabriel VilardiDerek Stepan1133345%2:47
Power Play Defense
Line #DefenseDefensePHYDFOFWanted %Time %Time Play
1Matt DumbaSean Durzi1136357%3:31
2Josh MahuraJohn Klingberg1223743%2:42
Penalty Kill 4 Players Forward
Line #CenterWingPHYDFOFWanted %Time %Time Play
1Ryan DonatoIlya Mikheyev1226071%2:49
2Gabriel VilardiAnthony Duclair1224029%1:09
Penalty Kill 4 Players Defense
Line #DefenseDefensePHYDFOFWanted %Time %Time Play
1Matt DumbaSean Durzi1226057%2:15
2Josh MahuraJohn Klingberg1224043%1:43
Penalty Kill 3 Players
Line #WingPHYDFOFWanted %Time %Time PlayDefenseDefensePHYDFOFWanted %Time %Time Play
1Ryan Donato131570%0:00 Matt DumbaSean Durzi122600%0:00
2Gabriel Vilardi131430%0:00 Josh MahuraJohn Klingberg122400%0:00
4 vs 4 Forward
Line #CenterWingPHYDFOFWanted %Time %Time Play
1Ryan DonatoIlya Mikheyev122600%0:00
2Gabriel VilardiAnthony Duclair122400%0:00
4 vs 4 Defense
Line #DefensePHYDFOFWanted %Time %Time Play
1Matt DumbaSean Durzi122600%0:00
2Josh MahuraJohn Klingberg122400%0:00
Last Minutes Offensive
Left WingCenterRight WingDefenseDefense
Ilya MikheyevRyan DonatoTom WilsonMatt DumbaJohn Klingberg
Last Minutes Defensive
Left WingCenterRight WingDefenseDefense
Ilya MikheyevRyan DonatoTom WilsonMatt DumbaSean Durzi
Time
Total ForwardTotal DefenseLast Minutes OffensiveLast Minutes Defensive
60:00 60:00 0:000:00
Extra Forwards
Normal PowerPlayPenalty Kill
Derek Stepan, Anthony Duclair, Robby FabbriDerek Stepan, Anthony DuclairDerek Stepan
Extra Defensemen
Normal PowerPlayPenalty Kill
Cal Foote, Jordan Oesterle, John KlingbergCal Foote, Cal FooteJordan Oesterle
Penalty Shots
Tom Wilson, Ryan Donato, Ilya Mikheyev, Gabriel Vilardi, Derek Stepan
Goalie
Jet Greaves, Ville Husso
Scratches
Liam O'Brien (Healthy), Sean Couturier (Healthy)


Play-by-Play

1st period


0:01 of 1st period - Ryan Donato wins face-off versus Sidney Crosby in neutral zone.
0:30 of 1st period - Snap shot by Clayton Keller.
0:30 of 1st period - Shot Misses the Net.
0:46 of 1st period - Minor Penalty to Matt Dumba for Hooking.
0:47 of 1st period - Ryan Donato wins face-off versus Sidney Crosby in Kings zone.
1:00 of 1st period - Snap shot by Mikko Rantanen.
1:00 of 1st period - Shot Misses the Net.
1:02 of 1st period - Slapshot by Moritz Seider.
1:02 of 1st period - Shot Blocked by Ryan Donato.
1:04 of 1st period - Snap shot by Sidney Crosby.
1:04 of 1st period - Shot Blocked by Ryan Donato.
1:30 of 1st period - Anthony Duclair is hit by Alex Killorn and loses puck.
2:46 of 1st period - Penalty to Matt Dumba is over, Matt Dumba is back on ice.
3:22 of 1st period - Slapshot by Nic Dowd.
3:22 of 1st period - Stopped by Jet Greaves with a rebound.
3:25 of 1st period - Icing by Matt Dumba.
3:26 of 1st period - Phillip Danault wins face-off versus Gabriel Vilardi in Kings zone.
3:27 of 1st period - Wrist shot by Logan O'Connor.
3:27 of 1st period - Stopped by Jet Greaves without a rebound.
3:28 of 1st period - Phillip Danault wins face-off versus Ryan Donato in Kings zone.
3:45 of 1st period - Snap shot by Phillip Danault.
3:45 of 1st period - Stopped by Jet Greaves with a rebound.
3:55 of 1st period - Mikko Rantanen is hit by Robby Fabbri and loses puck.
4:20 of 1st period - Wrist shot by Philip Tomasino.
4:20 of 1st period - Shot Misses the Net.
4:57 of 1st period - Wrist shot by Phillip Danault.
4:57 of 1st period - Stopped by Jet Greaves with a rebound.
6:02 of 1st period - Slapshot by Clayton Keller.
6:02 of 1st period - Deflect By Tomas Hertl.
6:02 of 1st period - Shot Blocked by Gabriel Vilardi.
6:02 of 1st period - Puck is out of play.
6:03 of 1st period - Ryan Donato wins face-off versus Sidney Crosby in Kings zone.
6:18 of 1st period - Wrist shot by Mikko Rantanen.
6:18 of 1st period - Shot Blocked by Josh Mahura.
7:09 of 1st period - Philip Tomasino is hit by Brady Skjei and loses puck.
7:40 of 1st period - Snap shot by Mikko Rantanen.
7:40 of 1st period - Stopped by Jet Greaves without a rebound.
7:41 of 1st period - Ryan Donato wins face-off versus Sidney Crosby in Kings zone.
7:46 of 1st period - Erik Johnson is hit by John Klingberg and loses puck.
8:07 of 1st period - Jake Bean is hit by Anthony Duclair and loses puck.
8:25 of 1st period - Icing by Vinnie Hinostroza.
8:26 of 1st period - Phillip Danault wins face-off versus Tom Wilson in Kings zone.
9:01 of 1st period - Snap shot by Sidney Crosby.
9:01 of 1st period - Shot Misses the Net.
9:03 of 1st period - Snap shot by Erik Johnson.
9:03 of 1st period - Deflect By Alex Killorn.
9:03 of 1st period - Shot Misses the Net.
9:03 of 1st period - Puck is out of play.
9:04 of 1st period - Tomas Hertl wins face-off versus Ryan Donato in Kings zone.
9:29 of 1st period - Matt Dumba is hit by Mikko Rantanen and loses puck.
9:36 of 1st period - Snap shot by Sidney Crosby.
9:36 of 1st period - Shot Misses the Net.
10:00 of 1st period - Wrist shot by Phillip Danault.
10:00 of 1st period - Stopped by Jet Greaves without a rebound.
10:01 of 1st period - Gabriel Vilardi wins face-off versus Sidney Crosby in Kings zone.
10:10 of 1st period - Wrist shot by Mikko Rantanen.
10:10 of 1st period - Shot Blocked by Anthony Duclair.
10:16 of 1st period - Wrist shot by Sidney Crosby.
10:16 of 1st period - Shot Blocked by Derek Stepan.
10:18 of 1st period - Slapshot by Mikko Rantanen.
10:18 of 1st period - Stopped by Jet Greaves with a rebound.
11:13 of 1st period - Nic Dowd is hit by Anthony Duclair.
11:39 of 1st period - Snap shot by Ilya Mikheyev.
11:39 of 1st period - Stopped by Jeremy Swayman with a rebound.
11:51 of 1st period - Wrist shot by Matt Dumba.
11:51 of 1st period - Deflect By Clayton Keller.
11:51 of 1st period - Stopped by Jeremy Swayman with a rebound.
11:53 of 1st period - Slapshot by Vinnie Hinostroza.
11:53 of 1st period - Stopped by Jeremy Swayman without a rebound.
11:54 of 1st period - Tomas Hertl wins face-off versus Gabriel Vilardi in Wild zone.
11:59 of 1st period - Snap shot by Anthony Duclair.
11:59 of 1st period - Shot Misses the Net.
12:23 of 1st period - Wrist shot by Clayton Keller.
12:23 of 1st period - Shot Misses the Net.
13:54 of 1st period - Wrist shot by Sean Durzi.
13:54 of 1st period - Shot Hit the Post.
13:56 of 1st period - Slapshot by Matt Dumba.
13:56 of 1st period - Stopped by Jeremy Swayman without a rebound.
13:57 of 1st period - Tomas Hertl wins face-off versus Robby Fabbri in Wild zone.
14:56 of 1st period - Kyle Burroughs is hit by Derek Stepan and loses puck.
15:28 of 1st period - Minor Penalty to Tomas Hertl for Hooking.
15:29 of 1st period - Ryan Donato wins face-off versus Mikko Rantanen in Wild zone.
15:31 of 1st period - Snap shot by Ryan Donato.
15:31 of 1st period - Shot Blocked by Moritz Seider.
16:49 of 1st period - Josh Mahura is hit by Moritz Seider and loses puck.
17:07 of 1st period - Icing by Josh Mahura.
17:08 of 1st period - Sidney Crosby wins face-off versus Ryan Donato in Kings zone.
17:28 of 1st period - Penalty to Tomas Hertl is over, Tomas Hertl is back on ice.
18:18 of 1st period - Off-side.
18:19 of 1st period - J.T. Compher wins face-off versus Ryan Donato in neutral zone.
18:32 of 1st period - Wrist shot by J.T. Compher.
18:32 of 1st period - Stopped by Jet Greaves with a rebound.
18:34 of 1st period - Slapshot by Brady Skjei.
18:34 of 1st period - Shot Misses the Net.
18:36 of 1st period - Snap shot by Phillip Danault.
18:36 of 1st period - Shot Blocked by Ilya Mikheyev.
18:46 of 1st period - Moritz Seider is hit by Jordan Oesterle and loses puck.
19:11 of 1st period - Snap shot by Philip Tomasino.
19:11 of 1st period - Shot Misses the Net.
19:13 of 1st period - Slapshot by Matt Dumba.
19:13 of 1st period - Shot Blocked by Kyle Burroughs.
19:15 of 1st period - Slapshot by Sean Durzi.
19:15 of 1st period - Deflect By Philip Tomasino.
19:15 of 1st period - Stopped by Jeremy Swayman without a rebound.
19:16 of 1st period - Ryan Donato wins face-off versus Phillip Danault in Wild zone.
19:19 of 1st period - Snap shot by Ryan Donato.
19:19 of 1st period - Stopped by Jeremy Swayman with a rebound.
19:21 of 1st period - Snap shot by Ilya Mikheyev.
19:21 of 1st period - Stopped by Jeremy Swayman without a rebound.
19:22 of 1st period - Ilya Mikheyev wins face-off versus Phillip Danault in Wild zone.
19:25 of 1st period - Slapshot by Tom Wilson.
19:25 of 1st period - Shot Misses the Net.
19:27 of 1st period - Wrist shot by Sean Durzi.
19:27 of 1st period - Deflect By Tom Wilson.
19:27 of 1st period - Stopped by Jeremy Swayman with a rebound.
19:29 of 1st period - Snap shot by Ilya Mikheyev.
19:29 of 1st period - Shot Blocked by Kyle Burroughs.
19:31 of 1st period - Snap shot by Tom Wilson.
19:31 of 1st period - Deflect By Ilya Mikheyev.
19:31 of 1st period - Shot Blocked by Kyle Burroughs.
19:31 of 1st period - Puck is out of play.
19:32 of 1st period - Ryan Donato wins face-off versus Sidney Crosby in Wild zone.
19:58 of 1st period - Matt Dumba is hit by Phillip Danault and loses puck.
Goals for this period are 0 for Wild vs 0 for Kings.
Shots for this period are 8 for Wild vs 8 for Kings.

2nd period


0:01 of 2nd period - Sidney Crosby wins face-off versus Tom Wilson in neutral zone.
0:36 of 2nd period - Snap shot by Ryan Donato.
0:36 of 2nd period - Shot Misses the Net.
0:38 of 2nd period - Minor Penalty to J.T. Compher for High sticking.
0:39 of 2nd period - Mikko Rantanen wins face-off versus Gabriel Vilardi in Wild zone.
1:45 of 2nd period - Jake Bean is hit by Josh Mahura and loses puck.
2:38 of 2nd period - Penalty to J.T. Compher is over, J.T. Compher is back on ice.
3:05 of 2nd period - Wrist shot by Phillip Danault.
3:05 of 2nd period - Shot Misses the Net.
3:42 of 2nd period - Icing by Alex Killorn.
3:43 of 2nd period - Ryan Donato wins face-off versus Sidney Crosby in Wild zone.
3:46 of 2nd period - Wrist shot by Tom Wilson.
3:46 of 2nd period - Shot Misses the Net.
3:56 of 2nd period - Mikko Rantanen is hit by Jujhar Khaira.
3:57 of 2nd period - Icing by Mikko Rantanen.
3:58 of 2nd period - Sidney Crosby wins face-off versus Robby Fabbri in Wild zone.
4:21 of 2nd period - Snap shot by Mikko Rantanen.
4:21 of 2nd period - Shot Hit the Post.
4:27 of 2nd period - Mikko Rantanen is hit by Robby Fabbri and loses puck.
4:38 of 2nd period - Wrist shot by Jujhar Khaira.
4:38 of 2nd period - Shot Misses the Net.
4:40 of 2nd period - Snap shot by John Klingberg.
4:40 of 2nd period - Stopped by Jeremy Swayman with a rebound.
5:04 of 2nd period - Wrist shot by Vinnie Hinostroza.
5:04 of 2nd period - Stopped by Jeremy Swayman with a rebound.
5:06 of 2nd period - Slapshot by Josh Mahura.
5:06 of 2nd period - Shot Blocked by Kyle Burroughs.
6:30 of 2nd period - Slapshot by John Klingberg.
6:30 of 2nd period - Shot Blocked by Alex Killorn.
6:46 of 2nd period - Snap shot by Alex Killorn.
6:46 of 2nd period - Shot Misses the Net.
7:08 of 2nd period - Jujhar Khaira is hit by Kyle Burroughs and loses puck.
7:23 of 2nd period - Snap shot by Alex Killorn.
7:23 of 2nd period - Stopped by Jet Greaves with a rebound.
7:55 of 2nd period - Josh Mahura is hit by Alex Killorn and loses puck.
8:10 of 2nd period - Snap shot by Jujhar Khaira.
8:10 of 2nd period - Stopped by Jeremy Swayman with a rebound.
8:12 of 2nd period - Snap shot by Jujhar Khaira.
8:12 of 2nd period - Stopped by Jeremy Swayman with a rebound.
8:14 of 2nd period - Snap shot by John Klingberg.
8:14 of 2nd period - Stopped by Jeremy Swayman without a rebound.
8:15 of 2nd period - Ryan Donato wins face-off versus Tomas Hertl in Wild zone.
8:42 of 2nd period - Logan O'Connor is hit by Matt Dumba and loses puck.
8:53 of 2nd period - Snap shot by Derek Stepan.
8:53 of 2nd period - Stopped by Jeremy Swayman without a rebound.
8:54 of 2nd period - Tomas Hertl wins face-off versus Ryan Donato in Wild zone.
8:54 of 2nd period - Tomas Hertl is hit by Ilya Mikheyev.
10:17 of 2nd period - Anthony Duclair is hit by Jake Bean and loses puck.
10:36 of 2nd period - Ilya Mikheyev is hit by Nic Dowd and loses puck.
11:10 of 2nd period - Derek Stepan is hit by Artemi Panarin and loses puck.
16:13 of 2nd period - Icing by Derek Stepan.
16:14 of 2nd period - Jujhar Khaira wins face-off versus Tomas Hertl in Kings zone.
17:53 of 2nd period - Phillip Danault is hit by Jujhar Khaira and loses puck.
18:13 of 2nd period - Off-side.
18:14 of 2nd period - Colin Blackwell wins face-off versus Tomas Hertl in neutral zone.
18:27 of 2nd period - Slapshot by Jujhar Khaira.
18:27 of 2nd period - Deflect By Robby Fabbri.
18:27 of 2nd period - Goal by Robby Fabbri - Wild : 0 - Kings : 1.
18:28 of 2nd period - Sidney Crosby wins face-off versus Ryan Donato in neutral zone.
18:31 of 2nd period - Wrist shot by Alex Killorn.
18:31 of 2nd period - Shot Misses the Net.
18:55 of 2nd period - Brady Skjei is hit by Gabriel Vilardi and loses puck.
19:22 of 2nd period - Slapshot by Sidney Crosby.
19:22 of 2nd period - Stopped by Jet Greaves without a rebound.
19:23 of 2nd period - Clayton Keller wins face-off versus Ryan Donato in Kings zone.
Goals for this period are 0 for Wild vs 1 for Kings.
Shots for this period are 2 for Wild vs 7 for Kings.

3rd period


0:01 of 3rd period - Sidney Crosby wins face-off versus Ryan Donato in neutral zone.
0:16 of 3rd period - Wrist shot by Tom Wilson.
0:16 of 3rd period - Stopped by Jeremy Swayman without a rebound.
0:17 of 3rd period - Gabriel Vilardi wins face-off versus Tomas Hertl in Wild zone.
0:26 of 3rd period - Snap shot by Derek Stepan.
0:26 of 3rd period - Shot Misses the Net.
0:28 of 3rd period - Slapshot by Sean Durzi.
0:28 of 3rd period - Shot Misses the Net.
0:30 of 3rd period - Snap shot by Gabriel Vilardi.
0:30 of 3rd period - Stopped by Jeremy Swayman with a rebound.
0:32 of 3rd period - Slapshot by Sean Durzi.
0:32 of 3rd period - Deflect By Moritz Seider.
0:32 of 3rd period - Stopped by Jeremy Swayman without a rebound.
0:33 of 3rd period - Sidney Crosby wins face-off versus Ryan Donato in Wild zone.
0:33 of 3rd period - Sidney Crosby is hit by Sean Durzi.
0:41 of 3rd period - Matt Dumba is hit by Brady Skjei and loses puck.
0:50 of 3rd period - Snap shot by Sidney Crosby.
0:50 of 3rd period - Stopped by Jet Greaves with a rebound.
1:01 of 3rd period - Minor Penalty to Sean Durzi for Roughing.
1:02 of 3rd period - Ryan Donato wins face-off versus Sidney Crosby in Kings zone.
2:42 of 3rd period - Artemi Panarin is hit by Cal Foote and loses puck.
3:01 of 3rd period - Penalty to Sean Durzi is over, Sean Durzi is back on ice.
3:12 of 3rd period - Snap shot by Nic Dowd.
3:12 of 3rd period - Shot Misses the Net.
3:14 of 3rd period - Slapshot by Nic Dowd.
3:14 of 3rd period - Stopped by Jet Greaves without a rebound.
3:15 of 3rd period - Colin Blackwell wins face-off versus Nic Dowd in Kings zone.
3:24 of 3rd period - John Klingberg is hit by Alexander Barabanov and loses puck.
3:51 of 3rd period - Wrist shot by Clayton Keller.
3:51 of 3rd period - Stopped by Jet Greaves with a rebound.
3:53 of 3rd period - Wrist shot by Nils Lundkvist.
3:53 of 3rd period - Shot Hit the Post.
3:55 of 3rd period - Snap shot by Artemi Panarin.
3:55 of 3rd period - Stopped by Jet Greaves without a rebound.
3:56 of 3rd period - Ryan Donato wins face-off versus Sidney Crosby in Kings zone.
3:56 of 3rd period - Ryan Donato is hit by Mikko Rantanen.
4:17 of 3rd period - Minor Penalty to Brady Skjei for Cross-checking.
4:18 of 3rd period - Mikko Rantanen wins face-off versus Ryan Donato in Wild zone.
5:42 of 3rd period - Slapshot by Moritz Seider.
5:42 of 3rd period - Deflect By Josh Mahura.
5:42 of 3rd period - Stopped by Jet Greaves without a rebound.
5:43 of 3rd period - Mikko Rantanen wins face-off versus Gabriel Vilardi in Kings zone.
6:17 of 3rd period - Penalty to Brady Skjei is over, Brady Skjei is back on ice.
6:56 of 3rd period - Icing by Cal Foote.
6:57 of 3rd period - Colin Blackwell wins face-off versus Nic Dowd in Kings zone.
7:05 of 3rd period - Off-side.
7:06 of 3rd period - Nic Dowd wins face-off versus Gabriel Vilardi in neutral zone.
7:09 of 3rd period - Backhand shot by Nic Dowd.
7:09 of 3rd period - Shot Misses the Net.
7:15 of 3rd period - Slapshot by Sean Durzi.
7:15 of 3rd period - Shot Misses the Net.
7:46 of 3rd period - Wrist shot by Alexander Barabanov.
7:46 of 3rd period - Stopped by Jet Greaves with a rebound.
7:48 of 3rd period - Slapshot by Moritz Seider.
7:48 of 3rd period - Shot Blocked by Ryan Donato.
7:50 of 3rd period - Wrist shot by Jakub Vrana.
7:50 of 3rd period - Stopped by Jet Greaves without a rebound.
7:51 of 3rd period - Gabriel Vilardi wins face-off versus Sidney Crosby in Kings zone.
8:05 of 3rd period - Slapshot by Mikko Rantanen.
8:05 of 3rd period - Stopped by Jet Greaves with a rebound.
8:07 of 3rd period - Snap shot by Sidney Crosby.
8:07 of 3rd period - Stopped by Jet Greaves with a rebound.
8:17 of 3rd period - Slapshot by Phillip Danault.
8:17 of 3rd period - Stopped by Jet Greaves without a rebound.
8:18 of 3rd period - Phillip Danault wins face-off versus Ryan Donato in Kings zone.
8:35 of 3rd period - Slapshot by Matt Dumba.
8:35 of 3rd period - Shot Blocked by Kyle Burroughs.
8:53 of 3rd period - Wrist shot by Sidney Crosby.
8:53 of 3rd period - Stopped by Jet Greaves without a rebound.
8:54 of 3rd period - Sidney Crosby wins face-off versus Ryan Donato in Kings zone.
8:59 of 3rd period - Wrist shot by Sidney Crosby.
8:59 of 3rd period - Stopped by Jet Greaves with a rebound.
9:20 of 3rd period - Anthony Duclair is hit by Jake Bean and loses puck.
10:03 of 3rd period - Nils Lundkvist is hit by Ilya Mikheyev and loses puck.
10:20 of 3rd period - Slapshot by Robby Fabbri.
10:20 of 3rd period - Stopped by Jeremy Swayman with a rebound.
10:35 of 3rd period - Slapshot by Nils Lundkvist.
10:35 of 3rd period - Stopped by Jet Greaves with a rebound.
10:41 of 3rd period - Snap shot by Clayton Keller.
10:41 of 3rd period - Stopped by Jet Greaves without a rebound.
10:42 of 3rd period - Ilya Mikheyev wins face-off versus Sidney Crosby in Kings zone.
10:53 of 3rd period - Snap shot by Ilya Mikheyev.
10:53 of 3rd period - Shot Misses the Net.
11:07 of 3rd period - Cal Foote is hit by Clayton Keller.
11:15 of 3rd period - Snap shot by Artemi Panarin.
11:15 of 3rd period - Stopped by Jet Greaves with a rebound.
11:36 of 3rd period - Icing by Phillip Danault.
11:37 of 3rd period - Ryan Donato wins face-off versus Phillip Danault in Wild zone.
11:38 of 3rd period - Wrist shot by Ilya Mikheyev.
11:38 of 3rd period - Stopped by Jeremy Swayman with a rebound.
11:40 of 3rd period - Snap shot by Ryan Donato.
11:40 of 3rd period - Deflect By Ilya Mikheyev.
11:40 of 3rd period - Shot Misses the Net.
11:40 of 3rd period - Puck is out of play.
11:41 of 3rd period - Sidney Crosby wins face-off versus Ilya Mikheyev in Wild zone.
12:30 of 3rd period - Tom Wilson is hit by Tomas Hertl and loses puck.
13:13 of 3rd period - Snap shot by Robby Fabbri.
13:13 of 3rd period - Stopped by Jeremy Swayman with a rebound.
13:26 of 3rd period - Vinnie Hinostroza is hit by Alexander Barabanov and loses puck.
13:36 of 3rd period - Off-side.
13:37 of 3rd period - Phillip Danault wins face-off versus Gabriel Vilardi in neutral zone.
13:44 of 3rd period - Slapshot by Erik Johnson.
13:44 of 3rd period - Stopped by Jet Greaves with a rebound.
14:15 of 3rd period - Icing by Vinnie Hinostroza.
14:16 of 3rd period - Tomas Hertl wins face-off versus Robby Fabbri in Kings zone.
14:35 of 3rd period - Off-side.
14:36 of 3rd period - Ilya Mikheyev wins face-off versus Sidney Crosby in neutral zone.
15:15 of 3rd period - Snap shot by Anthony Duclair.
15:15 of 3rd period - Stopped by Jeremy Swayman with a rebound.
15:17 of 3rd period - Wrist shot by Gabriel Vilardi.
15:17 of 3rd period - Shot Misses the Net.
15:41 of 3rd period - Gabriel Vilardi is hit by Logan O'Connor and loses puck.
16:12 of 3rd period - Josh Mahura is hit by Nic Dowd.
16:16 of 3rd period - Wrist shot by Alexander Barabanov.
16:16 of 3rd period - Goal by Alexander Barabanov - Wild : 1 - Kings : 1.
16:17 of 3rd period - Colin Blackwell wins face-off versus Sidney Crosby in neutral zone.
16:58 of 3rd period - Icing by Logan O'Connor.
16:59 of 3rd period - Colin Blackwell wins face-off versus Phillip Danault in Wild zone.
17:02 of 3rd period - Wrist shot by Philip Tomasino.
17:02 of 3rd period - Shot Blocked by Logan O'Connor.
17:10 of 3rd period - Slapshot by J.T. Compher.
17:10 of 3rd period - Goal by J.T. Compher - Wild : 2 - Kings : 1.
17:11 of 3rd period - Phillip Danault wins face-off versus Colin Blackwell in neutral zone.
17:18 of 3rd period - Snap shot by Phillip Danault.
17:18 of 3rd period - Stopped by Jet Greaves without a rebound.
17:19 of 3rd period - Colin Blackwell wins face-off versus Phillip Danault in Kings zone.
17:29 of 3rd period - Off-side.
17:30 of 3rd period - Mikko Rantanen wins face-off versus Colin Blackwell in neutral zone.
17:46 of 3rd period - Minor Penalty to Moritz Seider for Interference.
17:47 of 3rd period - Mikko Rantanen wins face-off versus Ryan Donato in Wild zone.
18:02 of 3rd period - Snap shot by Ryan Donato.
18:02 of 3rd period - Deflect By Tom Wilson.
18:02 of 3rd period - Goal by Tom Wilson - Wild : 2 - Kings : 2.
18:03 of 3rd period - Phillip Danault wins face-off versus Tom Wilson in neutral zone.
18:16 of 3rd period - Slapshot by Matt Dumba.
18:16 of 3rd period - Shot Blocked by Phillip Danault.
18:18 of 3rd period - Snap shot by Colin Blackwell.
18:18 of 3rd period - Stopped by Jeremy Swayman with a rebound.
Goals for this period are 2 for Wild vs 1 for Kings.
Shots for this period are 19 for Wild vs 9 for Kings.

Overtime #1


0:01 of 1st overtime period - J.T. Compher wins face-off versus Gabriel Vilardi in neutral zone.
0:16 of 1st overtime period - Slapshot by J.T. Compher.
0:16 of 1st overtime period - Stopped by Jet Greaves without a rebound.
0:17 of 1st overtime period - J.T. Compher wins face-off versus Gabriel Vilardi in Kings zone.
0:20 of 1st overtime period - Wrist shot by Jakub Vrana.
0:20 of 1st overtime period - Goal by Jakub Vrana - Wild : 3 - Kings : 2.
Goals for this period are 1 for Wild vs 0 for Kings.
Shots for this period are 2 for Wild vs 0 for Kings.